 Dungeon Crawl Stone Soup version 0.31-a0-675-g238779eb0a (webtiles) character file.

Game seed: 15383660173495940179

3213 javelincjr the Trooper (level 9, -17/96 HPs)
             Began as a Demonspawn Fighter on Sept 5, 2023.
             Was a Priest of Hepliaklqana.
             Demolished by an orc warlord
             ... wielding a +6 broad axe
              (20 damage)
             ... in a bailey.
             The game lasted 00:26:25 (6327 turns).

javelincjr the Trooper (Demonspawn Fighter)         Turns: 6327, Time: 00:26:25

Health: -17/96     AC: 24    Str: 21    XL:     9   Next: 65%
Magic:  8/9        EV:  2    Int:  9    God:    Hepliaklqana [***...]
Gold:   420        SH:  6    Dex: 17    Spells: 8/8 levels left

rFire   . . .        r - +2 club (spect)
rCold   . . .        c - +0 buckler
rNeg    . . .        z - melded +0 chain mail
rPois   +            E - melded +2 hat
rElec   .            (cloak currently unavailable)
rCorr   +            (gloves currently unavailable)
SInv    .            w - melded +1 pair of boots
Will    +....        (no amulet)
Stlth   ++           k - +6 ring of dexterity
HPRegen 0.36/turn    l - ring of resist corrosion
MPRegen 0.11/turn

%: no passive effects
@: mighty, tree-form, enlightened
A: stationary, stasis, torment immunity, boosted hp, reduced essence, (claws 1),
ignite blood 3, big brain 1, clumsy 1, dopey 1
a: Renounce Religion, Recall Ancestor, Ancestor Identity, Transference


You were in a bailey.
You worshipped Hepliaklqana.
Hepliaklqana was most pleased with you.
You were a tree.
You visited 1 branch of the dungeon, and saw 7 of its levels.
You also visited: Bailey.

You collected 420 gold pieces.

Inventory:

Hand Weapons
 r - a +2 spectral club (weapon)
 x - a +1 spear of venom
Missiles
 g - 10 boomerangs
Armour
 c - a +0 buckler (worn)
 q - a +2 leather armour of fire resistance
 w - a +1 pair of boots (melded)
 z - a +0 chain mail (melded)
 E - a +2 hat (melded)
Jewellery
 k - a +6 ring of dexterity (left branch)
 l - a ring of resist corrosion (right branch)
 p - a ring of fire
Wands
 j - a wand of iceblast (12)
 C - a wand of polymorph (3)
Scrolls
 a - a scroll of amnesia
 i - a scroll of noise
 m - a scroll of fog
 y - a scroll of silence
 A - 5 scrolls of immolation
Potions
 d - a potion of might
 e - 2 potions of curing
 f - 2 potions of cancellation
 n - 4 potions of brilliance
 t - 2 potions of degeneration


   Skills:
 + Level 7.5 Fighting
 + Level 6.4 Polearms
 + Level 6.7 Armour
 + Level 6.8 Shields


You had 8 spell levels left.
You didn't know any spells.
Your spell library contained the following spells:

 Spells                   Type           Power      Damage    Failure   Level
 Ensorcelled Hibernation  Hex/Ice        0%         N/A       58%         2
 Passwall                 Tmut/Erth      0%         N/A       58%         2
 Sublimation of Blood     Necr           0%         N/A       58%         2
 Wereblood                Tmut           0%         N/A       58%         2
 Swiftness                Air            0%         N/A       82%         3
 Summon Hydra             Summ           0%         N/A       100%        7


Dungeon Overview and Level Annotations

Branches:
Dungeon (9/15)             Temple (0/1) D:4          Bailey (1/1)
   Lair: D:8-11         Orc: D:9-12

Altars:
Cheibriados
Fedhas
Hepliaklqana
Nemelex Xobeh
Qazlal
Uskayaw

Shops:
D:2 (   D:6 *


Innate Abilities, Weirdness & Mutations

You are a tree.
Your roots penetrate the ground, keeping you stationary.
You cannot be teleported.
You are immune to unholy pain and torment.
Your maximum health is greatly increased.
Your equipment is partially melded.
Your life essence is reduced to manifest your ancestor. (-10% HP)
((You have sharp fingernails.))
Your demonic aura causes all spilled blood to erupt in flames.
You have an unusually large brain. (Int +2)
You are clumsy. (Dex -2)
You are dopey. (Int -2)


Message History

The orc warlord is heavily wounded.
Your +2 spectral club hits the orc warlord.
Your +2 spectral club is engulfed in blazing flames. x2
The orc warlord barely misses you.
The orc warlord hits your +2 spectral club with a +6 broad axe.
Your spectral weapon shares its damage with you!
* * * LOW HITPOINT WARNING * * *
Your +2 spectral club is engulfed in blazing flames.
The orc warlord hits you with a +6 broad axe!
* * * LOW HITPOINT WARNING * * *
The orc warlord closely misses your +2 spectral club.
Blink to where?
Press: ? - help, Q - select action, (/) - cycle Dir - move target, p - orc warlord A gnoll comes into view.
It is wielding a +0 hand axe.
As you read the scroll of blinking, it crumbles to dust.
Your +2 spectral club disappears.
It was a potion of enlightenment.
You feel very buoyant.
You fly up into the air.
It was a potion of lignification.
You turn into a tree.
Your +2 hat melds into your body.
Your +1 pair of boots melds into your body.
Your +0 chain mail melds into your body.
Your roots penetrate the ground.
You hit the gnoll.
The gnoll is moderately wounded.
Your +2 spectral club hits the gnoll.
The gnoll is engulfed in blazing flames.
You kill the gnoll!
It was a potion of mutation.
You feel extremely strange.
You feel clumsy.
You feel stupid.
Your +2 spectral club disappears.
You feel very mighty all of a sudden.
The orc warlord hits you with a +6 broad axe.
* * * LOW HITPOINT WARNING * * *
You hit the orc warlord but do no damage.
The orc warlord is heavily wounded.
Your +2 spectral club hits the orc warlord.
The orc warlord hits you with a +6 broad axe!!
You die...

).)'.).........#
)))#.....⌠.....#
)..#.....°...).#
...#....(......#
..###....(..).### ♣♣♣♣♣♣
### ###.....#)#.###
♣♣..♣.♣♣ #
###.###)....###♣♣......♣
###..))o(...##.......♣
#.....°♣....#.......♣♣
#...........'........♣
#.....⌠))...'..∩.∩..♣♣
#......)....'........♣
#...........#........♣
##.........##......♣♣♣
###.....###♣.♣....♣
#'#.### ♣♣♣♣.♣♣♣ ### ♣♣♣


You could see an orc warlord (drained) and a friendly +2 spectral club.

Vanquished Creatures
  Sigmund (D:2)
  4 yaks (D:9)
  A steam dragon (D:4)
  A water moccasin (D:6)
  An ice beast (D:5)
  3 orc warriors (Bailey)
  An ogre (D:5)
  A scorpion (D:4)
  5 orc priests
  2 jellies (D:5)
  A hound (D:4)
  3 iguanas
  A sleepcap (D:5)
  Jessica (D:2)
  Natasha (thrice) (D:2)
  An orc wizard (D:3)
  Ijyb (D:5)
  A hexer (Bailey)
  10 gnolls
  5 adders
  A dart slug (D:1)
  15 orcs
  8 ball pythons
  2 bats
  3 endoplasms
  3 giant cockroaches
  17 goblins
  10 hobgoblins
  4 jackals (D:3)
  5 quokkas
  3 frilled lizards
  3 kobolds
  5 rats
  A spectral goblin (D:3)
  4 spectral weapons
131 creatures vanquished.

Vanquished Creatures (collateral kills)
  A wraith (D:9)
  3 sky beasts
  3 orc warriors (Bailey)
  An ogre (D:4)
  A scorpion (D:5)
  A hound (D:3)
  A sleepcap (D:4)
  An iguana (D:6)
  3 adders
  2 gnolls
  5 orcs
  7 goblins
  5 hobgoblins (Bailey)
  A kobold (D:4)
35 creatures vanquished.

Vanquished Creatures (others)
  A dart slug (D:4)
  A spectral weapon (D:6)
2 creatures vanquished.

Grand Total: 168 creatures vanquished

Notes
Turn   | Place    | Note
-------+----------+-------------------------------------------
     0 | D:1      | javelincjr the Demonspawn Fighter began the quest for the
                  | Orb.
     0 | D:1      | Reached XP level 1. HP: 18/18 MP: 1/1
    39 | D:1      | Gained mutation: Your demonic aura sometimes causes spilled
                  | blood to erupt in flames. [demonic ancestry]
    39 | D:1      | Reached XP level 2. HP: 2/24 MP: 2/2
   353 | D:1      | Gained mutation: You have an unusually large brain. (Int
                  | +2) [demonic ancestry]
   353 | D:1      | Reached XP level 3. HP: 29/29 MP: 3/3
  1071 | D:2      | Found a hazy altar of Hepliaklqana.
  1083 | D:2      | Became a worshipper of Hepliaklqana the Forgotten
  1096 | D:2      | Noticed Sigmund
  1096 | D:2      | Noticed Jessica
  1116 | D:2      | Killed Sigmund
  1117 | D:2      | Reached skill level 4 in Fighting
  1117 | D:2      | Reached XP level 4. HP: 22/37 MP: 4/4
  1117 | D:2      | Gained mutation: Your demonic aura often causes spilled
                  | blood to erupt in flames. [demonic ancestry]
  1117 | D:2      | Reached XP level 5. HP: 25/42 MP: 5/5
  1119 | D:2      | Killed Jessica
  1125 | D:2      | Found Riasey's Antique Weapon Emporium.
  1363 | D:2      | Noticed Natasha
  1375 | D:2      | Killed Natasha
  1400 | D:2      | Noticed Natasha
  1402 | D:2      | Killed Natasha
  1403 | D:2      | Gained mutation: Your demonic aura causes all spilled blood
                  | to erupt in flames. [demonic ancestry]
  1403 | D:2      | Reached XP level 6. HP: 15/48 MP: 6/6
  1518 | D:2      | Noticed Natasha
  1527 | D:2      | Killed Natasha
  2305 | D:3      | Found a faded altar of an unknown god.
  2315 | D:3      | Reached * piety under Hepliaklqana
  2926 | D:4      | Gained mutation: You have sharp fingernails. [demonic
                  | ancestry]
  2926 | D:4      | Reached XP level 7. HP: 49/49 MP: 7/7
  3229 | D:4      | Found a sparkling altar of Nemelex Xobeh.
  3347 | D:4      | Reached skill level 5 in Fighting
  3566 | D:4      | Found a staircase to the Ecumenical Temple.
  3811 | D:4      | Reached ** piety under Hepliaklqana
  3812 | D:4      | Remembered your ancestor Aula as a hexer
  3822 | D:4      | Found a blossoming altar of Fedhas.
  4059 | D:4      | Noticed a steam dragon
  4096 | D:4      | Killed a steam dragon
  4333 | D:5      | Entered Level 5 of the Dungeon
  4357 | D:5      | Reached XP level 8. HP: 51/56 MP: 8/8
  4424 | D:5      | Reached skill level 5 in Armour
  4424 | D:5      | Reached skill level 5 in Shields
  4581 | D:5      | Noticed Ijyb
  4586 | D:5      | Killed Ijyb
  4632 | D:5      | Reached skill level 6 in Fighting
  4632 | D:5      | Reached skill level 5 in Polearms
  5131 | D:6      | Found Zaibiros's General Store.
  5224 | D:6      | Reached *** piety under Hepliaklqana
  5359 | D:6      | Found a snail-covered altar of Cheibriados.
  5362 | D:6      | Found a stormy altar of Qazlal.
  5365 | D:6      | Found a hide-covered altar of Uskayaw.
  5368 | D:6      | Found a hazy altar of Hepliaklqana.
  5963 | D:6      | You fall into a shaft and drop 3 floors!
  6027 | D:9      | Reached XP level 9. HP: 49/63 MP: 9/9
  6076 | D:9      | Found a flagged portal.
  6089 | D:9      | Reached skill level 7 in Fighting
  6121 | Bailey   | Entered a bailey
  6290 | Bailey   | Noticed an orc warlord
  6325 | Bailey   | Gained mutation: You are clumsy. (Dex -2) [potion of
                  | mutation]
  6325 | Bailey   | Gained mutation: You are dopey. (Int -2) [potion of
                  | mutation]
  6326 | Bailey   | HP: 2/96 [orc warlord/+6 broad axe (6)]
  6327 | Bailey   | Demolished by an orc warlord

Illustrated notes

Levels and vault maps discovered:
D:1:      psy_arrival_dodecagon, layout_loops_ring, nicolae_grassy_gnolls
D:2:      layout_loops_ring, serial_shops, nicolae_lakefront_shop, basic_altar,
          minmay_misc_feat_rows, uniq_sigmund, uniq_jessica, uniq_natasha
D:3:      layout_basic, dreamdust_ecumenical_altar_drowned_temple
D:4:      layout_loops_corners, mainiacjoe_overflow_alcove_4,
          nemelex_spade_bored_becter, minmay_temple_entry_proselytizer,
          st_stairs_8, glass_columns_a, dreamdust_princess_bridge
D:5:      layout_gridville, uniq_ijyb
D:6:      layout_gridville, grunt_temple_overflow_cloverleaf, serial_shops,
          nicolae_shop_hallway_plus, mrwooster_statue_mirror
D:9:      layout_rooms, marbit_many_paths, enter_bailey_5,
          onia_ninara_dug_in_and_dangerous, uniq_erolcha
Bailey:   bailey_axe_minmay_hex_keep, bailey

Skill      XL: |  1  2  3  4  5  6  7  8  9 |
---------------+----------------------------+-----
Polearms       | 2 3 4 5 6 |  6.4
Armour         | 3 4 6 |  6.7
Shields        | 3 4 6 |  6.8
Fighting       | 4 5 6 7 |  7.5

Action                     |  1- 3 |  4- 6 |  7- 9 || total
---------------------------+-------+-------+-------++-------
  Melee: Trident           |    95 |       |       ||    95
         Dagger            |    25 |     3 |       ||    28
         Club              |       |    76 |   189 ||   265
  Throw: Dart              |       |       |     3 ||     3
 Invoke: Recall Ancestor   |       |       |     5 ||     5
         Ancestor Life: He |       |       |     1 ||     1
    Use: Scroll            |       |     1 |    12 ||    13
         Potion            |       |       |     5 ||     5
   Stab: Confused          |       |       |     4 ||     4
         Distracted        |       |       |     4 ||     4
 Armour: Scale mail        |    59 |    48 |    24 ||   131
         Chain mail        |       |       |   115 ||   115
         Skin              |       |       |     2 ||     2
  Dodge: Dodged            |    33 |    36 |    53 ||   122
  Block: Buckler           |    20 |    19 |    34 ||    73

Table legend: (Time is in decaauts)
 A = Elapsed time spent in this place.
 B = Non-inter-level travel time spent in this place.
 C = Inter-level travel time spent in this place.
 D = Time resting spent in this place.
 E = Time spent auto-exploring this place.
 F = Levels seen in this place.
 G = Mean time per level.
                   A        B        C        D        E       F      G
               +--------+--------+--------+--------+--------+-----+--------+
         Total |   6464 |   6176 |    288 |    273 |   4543 |   8 |  808.0 |
       Dungeon |   6248 |   5960 |    288 |    248 |   4529 |   7 |  892.6 |
        Bailey |    216 |    216 |      0 |     25 |     14 |   1 |  216.0 |
               +--------+--------+--------+--------+--------+-----+--------+

Top non-repeatable levels by time:
     D:4: 1445 daAuts
     D:3: 1164 daAuts
     D:2: 953 daAuts
     D:6: 872 daAuts
     D:1: 851 daAuts
     D:5: 778 daAuts
  Bailey: 216 daAuts
     D:9: 183 daAuts
